Map: Dusk Towers

Players

paRiah

  • Race: Zerg Zerg
  • League: Diamond

Ailee (Azure) - Winner!

  • Race: Terran Terran
  • League: Master

VOD

Have the link to the VOD?

Description

Time

  • Played on: Nov. 15, 2015, 6:40 p.m.
  • Length: 10:06
Show
View Real Time Build Order
Export as new Build Order

paRiah Zerg 

Build Orders: Hatch First 

Get SALT Encoding   

  12  0:01  Drone  
  13  0:08  Drone  
  14  0:17  Overlord  
  14  0:25  Extractor  
  14  0:26  Drone  
  16  0:35  Drone x2  
  17  0:55  Hatchery  
  17  0:56  Drone  
  17  0:58  Drone  
  18  1:04  Extractor  
  18  1:05  Drone  
  18  1:18  Spawning Pool  
  18  1:20  Drone  
  18  1:28  Drone  
  19  1:38  Drone  
  20  1:55  Overlord  
  20  2:05  Queen  
  22  2:09  Queen  
  22  2:12  Drone  
  25  2:17  Zergling x2  
  25  2:20  Zergling x2  
  27  2:23  Drone  
  28  2:33  Spore Crawler  
  28  2:36  Drone x2  
  28  2:40  Metabolic Boost  
  29  2:47  Queen  
  29  2:50  Drone x2  
  29  2:51  Drone  
  33  2:54  Zergling x2  
  34  3:08  Zergling x4  
  36  3:12  Evolution Chamber  
  36  3:15  Overlord  
  36  3:17  Drone  
  36  3:31  Overlord  
  36  3:33  Zergling x4, Extractor  
  36  3:34  Zergling x6  
  40  3:38  Zerg Melee Weapons Level 1  
  40  3:51  Zergling x2  
  40  3:52  Zergling x10  
  46  3:59  Overlord  
  46  4:01  Zergling x6  
  49  4:07  Drone  
  49  4:09  Drone  
  51  4:23  Zergling x2  
  51  4:24  Zergling x6  
  55  4:34  Zergling x6  
  55  4:35  Zergling x2  
  58  4:39  Baneling Nest  
  57  4:46  Drone x2  
  57  4:52  Drone  
  60  4:53  Hatchery, Overlord  
  59  5:24  Baneling x5  
  59  5:25  Baneling x2  
  59  5:28  Zergling x12  
  60  5:29  Zergling x2  
  66  5:39  Baneling x7  
  66  5:56  Zergling x4  
  68  6:00  Overlord x3  
  38  6:32  Drone  
  38  6:33  Drone x8  
  46  6:44  Drone x3  
  46  6:46  Spine Crawler x3  
  46  6:48  Spine Crawler  
  46  6:49  Spine Crawler x2  
  46  6:53  Spine Crawler  
  42  6:54  Drone  
  43  7:01  Zerg Missile Weapons Level 1  
  43  7:02  Drone x2  
  43  7:04  Roach Warren  
  44  7:12  Drone x3  
  47  7:23  Drone  
  47  7:24  Drone x6  
  54  7:36  Spore Crawler  
  53  7:37  Spore Crawler  
  53  7:42  Lair  
  52  7:45  Extractor  
  52  7:48  Drone x2  
  52  7:49  Drone x6  
  53  8:05  Queen x2  
  57  8:24  Roach x6  
  57  8:25  Roach x2  
  73  8:28  Extractor  
  73  8:30  Extractor  
  71  8:36  Drone x2  
  71  8:37  Drone x5  
  71  8:41  Extractor, Queen  
  80  8:43  Spire  
  80  8:55  Drone x2  
  80  8:56  Drone x2  
  81  9:32  Overlord x3  
Show
View Real Time Build Order
Export as new Build Order

Ailee Terran - Winner!

Build Orders: Liberator Opening, Reaper Expand, MMM Bio 

Get SALT Encoding   

  12  0:01  SCV  
  13  0:13  SCV  
  14  0:17  Supply Depot  
  14  0:25  SCV  
  15  0:39  SCV  
  15  0:40  Barracks  
  16  0:45  Refinery  
  16  0:51  SCV  
  17  1:03  SCV  
  18  1:15  SCV  
  19  1:28  Reaper, Orbital Command  
  20  1:41  Command Center  
  20  1:52  Supply Depot  
  20  1:57  SCV  
  20  2:00  Reaper  
  22  2:02  Refinery  
  22  2:09  SCV  
  23  2:21  SCV  
  24  2:23  Factory  
  24  2:33  SCV  
  25  2:38  Barracks Reactor  
  25  2:47  SCV  
  26  2:57  Command Center, SCV  
  27  3:07  SCV  
  27  3:09  Starport  
  27  3:11  Orbital Command  
  30  3:25  Hellion x2  
  30  3:26  SCV  
  33  3:29  Liberator  
  33  3:30  Barracks Tech Lab  
  33  3:38  SCV  
  33  3:39  SCV  
  38  3:51  SCV  
  38  3:52  Hellion x2  
  38  3:54  SCV  
  44  3:59  Stimpack, Marine  
  45  4:03  SCV  
  45  4:08  SCV  
  47  4:10  Orbital Command  
  47  4:14  Supply Depot  
  47  4:15  SCV  
  48  4:18  Hellion  
  48  4:19  Hellion  
  48  4:22  SCV  
  48  4:23  Liberator  
  53  4:27  SCV  
  54  4:36  SCV  
  54  4:37  SCV  
  50  4:39  SCV, Hellion  
  50  4:41  Hellion  
  50  4:43  Marine  
  59  4:48  SCV  
  59  4:49  SCV  
  59  4:51  Supply Depot  
  61  4:55  SCV  
  61  4:59  Supply Depot  
  62  5:00  Hellion  
  62  5:01  Supply Depot  
  62  5:02  SCV, Hellion  
  62  5:06  SCV, Liberator  
  68  5:10  SCV  
  69  5:15  Marine  
  69  5:20  SCV  
  69  5:21  Barracks  
  71  5:22  SCV, Hellion, Barracks  
  71  5:23  Hellion  
  80  5:34  SCV  
  81  5:36  SCV  
  81  5:38  Refinery  
  81  5:39  Refinery  
  81  5:41  SCV, Engineering Bay  
  81  5:42  Engineering Bay  
  82  5:43  Hellion  
  82  5:45  Hellion  
  86  5:53  SCV  
  86  5:54  Marine  
  86  5:55  SCV  
  89  6:00  Supply Depot  
  89  6:17  SCV  
  85  6:20  SCV  
  85  6:21  Marine  
  85  6:22  Barracks Reactor  
  85  6:23  Barracks Reactor  
  85  6:24  Terran Infantry Weapons Level 1, Terran Infantry Armor Level 1  
  83  6:26  Supply Depot  
  83  6:29  Combat Shields, Factory Reactor  
  83  6:34  Supply Depot  
  83  6:35  Supply Depot, Barracks  
  83  6:36  Barracks  
  83  6:37  Starport Reactor  
  83  6:39  Marine  
  84  6:42  Orbital Command  
  84  6:57  Marine  
  84  7:00  Marine x4  
  89  7:02  Supply Depot  
  89  7:04  SCV x2  
  92  7:08  SCV  
  92  7:15  Marine  
  93  7:16  SCV x2  
  93  7:18  Medivac x2, Marine x4  
  93  7:19  Supply Depot  
  93  7:20  SCV  
  93  7:22  Supply Depot  
  104  7:28  SCV  
  104  7:29  Barracks Reactor x2  
  105  7:30  Widow Mine x2  
  105  7:31  SCV  
  105  7:33  Marine  
  105  7:34  SCV  
  105  7:35  Marine  
  105  7:36  Refinery, Marine x3  
  116  7:40  SCV  
  116  7:43  Supply Depot, SCV  
  118  7:46  SCV  
  119  7:51  Marine  
  119  7:52  SCV  
  119  7:53  Marine  
  119  7:54  Marine x2  
  119  7:55  Marine  
  125  7:58  Widow Mine x2  
  135  8:09  Starport, Marine  
  135  8:11  Refinery, Marine  
  135  8:12  Marine  
  138  8:13  SCV x2, Marine x3  
  138  8:14  Marine x3  
  138  8:17  Supply Depot x3, Medivac x2  
  144  8:24  Armory, SCV  
  144  8:25  Supply Depot  
  144  8:27  Supply Depot, Widow Mine, Marine  
  145  8:29  Marine  
  145  8:30  Liberator x2  
  149  8:38  Marine, Fusion Core, Widow Mine  
  149  8:39  Supply Depot  
  152  8:41  Supply Depot  
  152  8:42  Supply Depot  
  158  8:49  Supply Depot, Starport Tech Lab  
  158  8:51  Supply Depot  
  158  8:59  Command Center, Liberator  
  158  9:00  Marine  
  158  9:01  Marine x2  
  158  9:02  Marine x2  
  163  9:04  Marine  
  163  9:09  Marine x3  
  170  9:18  Marine x2  
  172  9:26  SCV  
  172  9:30  Supply Depot  
  172  9:31  Marine x2  
  175  9:36  Marine x2  
  177  9:39  Barracks x2  
  177  9:43  Barracks  
  171  9:45  Marine x2  
  171  9:46  Marine x3  
Tags
 
Add a new tag
Caveats
  • Supply blocks, unpowered buildings, or Contaminate may cause inaccurate times.
  • Supply counts are checked every 10 seconds.